Map: Lost and Found LE

Players

ACE (Voltz)

  • Race: Zerg Zerg
  • League: Grandmaster
  • Spawn Location: 1:00

MCanning - Winner!

  • Race: Protoss Protoss
  • League: Grandmaster
  • Spawn Location: 7:00

VOD

Have the link to the VOD?

Description

Time

  • Played on: Oct. 7, 2018, 5:27 p.m.
  • Length: 14:42
Show
View Real Time Build Order
Export as new Build Order

ACE Zerg 

Build Orders: Hatch First, Lurkers 

Get SALT Encoding   

  12  0:01  Drone  
  13  0:12  Overlord  
  13  0:17  Drone  
  14  0:30  Drone x2  
  14  0:35  Drone  
  17  0:50  Hatchery  
  17  0:54  Drone  
  17  0:57  Drone  
  18  1:05  Extractor  
  17  1:14  Spawning Pool  
  17  1:15  Drone  
  17  1:19  Drone  
  18  1:28  Drone  
  19  1:38  Overlord  
  19  1:50  Drone  
  20  2:01  Zergling x2, Queen  
  20  2:03  Queen  
  20  2:04  Drone  
  26  2:10  Metabolic Boost  
  26  2:11  Drone  
  26  2:14  Drone  
  28  2:21  Zergling x2  
  29  2:24  Zergling x2  
  30  2:33  Hatchery  
  30  2:36  Drone  
  30  2:38  Drone  
  30  2:43  Drone  
  32  2:45  Overlord  
  32  2:53  Queen  
  32  2:57  Drone  
  32  2:58  Drone  
  36  3:04  Overlord  
  36  3:07  Drone  
  36  3:10  Drone x2  
  36  3:11  Drone  
  40  3:13  Drone  
  40  3:16  Drone  
  40  3:17  Drone  
  43  3:20  Drone  
  43  3:23  Drone  
  45  3:29  Spore Crawler  
  45  3:30  Drone, Spore Crawler  
  44  3:38  Lair  
  44  3:39  Drone  
  44  3:40  Drone  
  46  3:43  Queen  
  46  3:47  Overlord  
  48  3:53  Extractor  
  48  3:54  Drone x3  
  50  3:59  Extractor  
  50  4:00  Drone x3  
  52  4:07  Drone  
  52  4:08  Drone x4  
  52  4:09  Drone  
  58  4:13  Overlord  
  58  4:14  Drone  
  58  4:15  Drone  
  58  4:16  Drone  
  61  4:18  Drone  
  61  4:20  Drone  
  61  4:21  Drone  
  64  4:25  Overlord  
  64  4:28  Drone x2  
  65  4:36  Hydralisk Den  
  64  4:38  Drone  
  64  4:40  Baneling Nest  
  64  4:44  Drone x3  
  64  4:55  Extractor  
  64  4:56  Extractor, Drone  
  64  4:57  Drone x2  
  64  4:58  Overlord x3  
  65  5:08  Grooved Spines  
  65  5:10  Hydralisk  
  65  5:11  Hydralisk x3  
  73  5:17  Overlord x2  
  73  5:21  Hydralisk  
  73  5:22  Hydralisk x2  
  73  5:27  Hydralisk x2  
  83  5:30  Hydralisk  
  83  5:34  Hydralisk  
  87  5:37  Zergling x8  
  91  5:47  Zergling x12, Spore Crawler  
  91  5:49  Zergling x4  
  98  5:52  Zergling x2  
  98  5:56  Zergling x8  
  103  6:00  Baneling x4  
  103  6:05  Zergling x8  
  103  6:06  Zergling x2  
  103  6:11  Baneling x4  
  108  6:12  Baneling x2  
  108  6:16  Baneling  
  107  6:19  Muscular Augments  
  106  6:27  Overlord x2  
  106  6:29  Centrifical Hooks  
  106  6:34  Baneling x5  
  106  6:35  Baneling x3  
  106  6:37  Baneling x5  
  104  6:49  Zergling x2  
  104  6:50  Zergling x24  
  117  6:58  Zergling x2  
  117  7:00  Zergling x2  
  117  7:05  Zergling x2  
  117  7:08  Baneling x8  
  115  7:18  Hydralisk x3  
  115  7:20  Overlord  
  115  7:21  Overlord x3  
  121  7:24  Baneling x10  
  121  7:25  Baneling x2  
  121  7:32  Zergling x2  
  121  7:36  Overlord x2  
  121  7:37  Zergling x2  
  121  7:39  Extractor  
  119  7:45  Zergling x8  
  119  7:46  Zergling x8  
  115  7:51  Zergling x8  
  87  7:59  Zergling x2  
  87  8:00  Zergling x6  
  87  8:04  Zergling x6  
  88  8:08  Spire  
  87  8:13  Evolution Chamber, Drone  
  87  8:14  Drone x2  
  87  8:15  Drone  
  90  8:20  Drone  
  90  8:21  Drone x2  
  90  8:22  Drone  
  94  8:30  Drone  
  94  8:32  Drone  
  96  8:40  Zerg Missile Weapons Level 1  
  96  8:42  Hydralisk x6  
  109  8:48  Drone  
  109  8:59  Baneling  
  109  9:00  Baneling x5  
  109  9:01  Baneling  
  109  9:02  Baneling x5  
  109  9:05  Drone  
  109  9:07  Hatchery  
  103  9:26  Corruptor x7  
  117  9:34  Corruptor x2  
  121  9:44  Baneling x6  
  121  9:47  Baneling x4  
  121  9:51  Hydralisk  
  123  9:54  Drone x2  
  123  9:55  Drone x9  
  123  9:57  Extractor  
  123  9:59  Hydralisk  
  133  10:00  Hydralisk  
  137  10:08  Hydralisk  
  137  10:09  Hydralisk x2  
  143  10:14  Hydralisk x2  
  143  10:19  Hydralisk x2  
  149  10:23  Overlord x2  
  149  10:27  Hydralisk  
  149  10:28  Hydralisk  
  153  10:43  Zergling x12  
  153  10:44  Zergling x6  
  162  10:52  Baneling x19  
  163  10:57  Zergling x14  
  163  11:01  Zergling x2  
  163  11:05  Zergling x6  
  157  11:17  Zergling x8  
  149  11:19  Zergling x6  
  149  11:20  Baneling  
  149  11:21  Baneling  
  127  11:34  Zergling x8  
  127  11:39  Zergling x4  
  122  11:44  Zergling x2  
  119  11:55  Zergling x2  
  119  11:56  Zergling x8  
  119  12:00  Baneling x5  
  119  12:01  Baneling x13  
  124  12:04  Zerg Missile Weapons Level 2  
  124  12:05  Lurker Den  
  123  12:13  Zergling x2  
  123  12:14  Zergling x8  
  128  12:20  Hatchery  
  127  12:29  Zergling x16  
  134  12:34  Baneling x4  
  133  12:42  Zergling x10  
  134  13:02  Zergling x2  
  134  13:03  Zergling x10  
  136  13:10  Drone x4  
  134  13:21  Drone  
  133  13:39  Lurker x14  
  133  13:41  Lurker  
  147  13:46  Lurker  
  148  13:50  Zergling x10  
  148  13:55  Zergling x6  
  155  13:59  Zergling x4  
  151  14:09  Baneling x13  
  151  14:10  Baneling  
Show
View Real Time Build Order
Export as new Build Order

MCanning Protoss - Winner!

Build Orders: 1 Gate Expand, Oracle Opening, Colossus Rush 

Get SALT Encoding   

  12  0:00  Probe  
  13  0:12  Probe  
  14  0:19  Pylon  
  14  0:24  Probe  
  15  0:34  Probe  
  15  0:38  Gateway  
  15  0:42  Probe  
  16  0:48  Assimilator  
  17  0:51  Probe  
  18  1:03  Probe  
  19  1:15  Probe  
  20  1:25  Nexus  
  20  1:34  Cybernetics Core  
  20  1:37  Probe  
  21  1:43  Assimilator  
  21  1:49  Probe  
  21  1:54  Pylon  
  23  2:01  Probe  
  23  2:03  Adept  
  23  2:13  Probe  
  26  2:20  Stargate  
  26  2:25  Probe  
  26  2:29  Adept  
  27  2:33  Warp Gate  
  27  2:35  Probe  
  29  2:37  Probe  
  29  2:43  Probe  
  31  2:49  Probe  
  33  2:52  Probe  
  34  3:01  Probe  
  34  3:04  Probe, Oracle  
  39  3:13  Probe  
  39  3:16  Probe  
  41  3:25  Probe, Gateway  
  42  3:27  Pylon  
  42  3:28  Probe  
  43  3:35  Oracle  
  43  3:38  Probe, Assimilator  
  43  3:40  Probe  
  45  3:47  Assimilator  
  48  3:50  Pylon, Probe  
  48  3:52  Probe  
  50  3:57  Robotics Facility  
  50  4:01  Pylon  
  50  4:02  Probe  
  51  4:04  Probe  
  51  4:05  Phoenix  
  52  4:14  Probe  
  52  4:16  Probe  
  56  4:26  Probe  
  56  4:28  Probe  
  58  4:38  Probe, Nexus  
  59  4:40  Pylon, Probe  
  59  4:41  Pylon  
  59  4:44  Observer  
  60  4:50  Probe  
  62  4:53  Probe  
  62  4:54  Robotics Bay  
  62  4:56  Gateway  
  63  5:02  Probe  
  63  5:05  Probe, Forge  
  63  5:06  Gateway  
  65  5:11  Sentry x2  
  69  5:17  Gateway  
  69  5:19  Gateway  
  69  5:21  Probe  
  69  5:27  Pylon, Probe  
  71  5:28  Colossus  
  71  5:29  Extended Thermal Lance  
  71  5:30  Shield Battery  
  71  5:34  Probe  
  72  5:37  Twilight Council  
  72  5:39  Probe  
  79  5:50  Stalker  
  79  5:52  Sentry x2  
  85  5:59  Probe x2  
  85  6:00  Probe  
  88  6:07  Stalker  
  91  6:15  Pylon  
  91  6:16  Sentry  
  92  6:19  Photon Cannon  
  92  6:23  Colossus  
  90  6:32  Assimilator  
  96  6:37  Zealot x3  
  102  6:49  Probe  
  102  6:53  Zealot x2  
  107  6:57  Probe  
  107  6:58  Probe  
  107  7:00  Zealot  
  107  7:01  Zealot  
  113  7:02  Charge  
  113  7:03  Zealot  
  113  7:05  Probe  
  116  7:09  Probe, Assimilator  
  116  7:11  Photon Cannon  
  116  7:12  Pylon  
  116  7:15  Pylon x2  
  117  7:16  Pylon  
  117  7:24  Photon Cannon  
  117  7:27  Photon Cannon  
  117  7:29  Colossus, Shield Battery  
  117  7:30  Pylon, Probe  
  117  7:32  Stargate  
  117  7:36  Zealot  
  126  7:43  Fleet Beacon  
  126  7:44  Probe  
  119  7:52  Stalker x3  
  100  8:00  Zealot x3  
  101  8:08  Templar Archives  
  101  8:10  Pylon  
  101  8:15  Observer  
  101  8:17  Shield Battery, Warp Prism, Zealot  
  101  8:18  Zealot x2  
  107  8:21  Probe  
  108  8:32  Probe  
  111  8:35  Psionic Storm  
  111  8:44  Nexus  
  111  8:45  Pylon, High Templar x3  
  117  8:49  Anion Pulse-Crystals  
  117  8:53  Photon Cannon  
  117  8:55  Zealot x2  
  119  8:56  Zealot  
  119  9:01  Phoenix x2  
  124  9:24  High Templar x2  
  128  9:25  Photon Cannon  
  128  9:26  Phoenix  
  128  9:27  Shield Battery, Photon Cannon  
  128  9:30  Shield Battery  
  130  9:31  High Templar, Photon Cannon  
  130  9:35  Shield Battery  
  130  9:39  Archon  
  130  9:42  Zealot x3  
  130  9:45  Probe  
  137  9:54  Assimilator  
  137  9:58  Shield Battery  
  137  9:59  Assimilator  
  137  10:00  Zealot x2  
  137  10:05  Gateway  
  141  10:07  Gateway  
  141  10:08  Pylon  
  141  10:12  High Templar x4  
  149  10:17  Archon  
  149  10:18  Archon  
  153  10:24  Photon Cannon  
  153  10:25  Zealot x2  
  153  10:26  Immortal  
  145  10:45  Zealot x5  
  145  10:46  Zealot  
  157  10:50  Stargate  
  157  10:55  Robotics Facility  
  157  11:02  Immortal  
  147  11:07  Zealot x3  
  147  11:08  Zealot x3  
  131  11:26  Nexus  
  131  11:31  Immortal  
  107  11:34  High Templar  
  107  11:35  High Templar x3  
  95  11:47  High Templar  
  95  11:51  Immortal  
  97  11:54  High Templar  
  103  12:03  High Templar  
  103  12:05  Zealot  
  103  12:07  Archon  
  107  12:09  Zealot x2  
  107  12:10  Zealot x2  
  107  12:11  Immortal  
  115  12:20  Zealot  
  121  12:26  High Templar  
  121  12:27  High Templar  
  123  12:30  High Templar  
  123  12:31  Archon  
  123  12:32  Immortal  
  123  12:35  Zealot x3  
  133  12:43  Stalker x2  
  137  12:51  Photon Cannon  
  127  12:58  Stalker  
  127  13:01  Zealot x2  
  127  13:02  Zealot x2  
  127  13:03  High Templar  
  135  13:11  High Templar x2  
  139  13:14  Nexus  
  139  13:19  Observer  
  139  13:27  Archon, High Templar x2  
  139  13:28  High Templar x2  
  139  13:33  Photon Cannon  
  139  13:34  Archon x2  
  145  13:35  Photon Cannon, Observer  
  145  13:37  Immortal  
  146  13:50  Observer  
  146  13:54  Zealot  
  148  13:58  Pylon  
  148  13:59  Zealot x3  
  148  14:00  Zealot  
  149  14:04  Zealot  
  149  14:09  Zealot x2  
  145  14:37  Zealot x5  
  145  14:38  Zealot x3  
Tags
 
Add a new tag
Caveats
  • Supply blocks, unpowered buildings, or Contaminate may cause inaccurate times.
  • Supply counts are checked every 10 seconds.